 Dungeon Crawl Stone Soup version 0.20.0-7-g3b7b877 (webtiles) character file.

333 Rim the Stinger (level 6, 0/36 HPs)
             Began as an Octopode Venom Mage on May 29, 2017.
             Slain by a hound (1 damage)
             ... on level 4 of the Dungeon.
             The game lasted 00:14:20 (3694 turns).

Rim the Stinger (Octopode Venom Mage)               Turns: 3694, Time: 00:14:20

Health: 0/36       AC:  1    Str:  7    XL:     6   Next: 53%
Magic:  8/19       EV: 13    Int: 19    God:
Gold:   288        SH:  0    Dex: 13    Spells: 7/11 levels left

rFire    . . .     SeeInvis .   i - +0 dagger (drain)
rCold    + . .     Gourm    +   (no shield)
rNeg     + . .     Faith    .   (helmet restricted)
rPois    .         Spirit   .   u - amulet of the gourmand
rElec    .         Reflect  .   e - ring of magical power
rCorr    .         Harm     .   s - ring of positive energy
MR       .....                  w - ring of protection from cold
Stlth    +++.......             (no ring)
Regen    0.2/turn               (no ring)
MPRegen  0.2/turn               (no ring)
                                (no ring)
                                (no ring)

@: no status effects
A: almost no armour, stealthy swim, amphibious, 8 rings, constrict 8, camouflage
1, gelatinous body 1
a: no special abilities


You were on level 4 of the Dungeon.
You were very full.

You visited 1 branch of the dungeon, and saw 4 of its levels.

You collected 288 gold pieces.

Inventory:

Hand Weapons
 i - a +0 dagger of draining (weapon)
 k - a +0 hunting sling
 p - a +0 flail
 r - a +0 arbalest
Missiles
 q - 18 sling bullets
Armour
 x - a +0 buckler
Jewellery
 e - a ring of magical power (left tentacle)
 s - a ring of positive energy (right tentacle)
 u - an amulet of the gourmand (around mantle)
 v - an uncursed ring of ice
 w - a ring of protection from cold (on tentacle)
Scrolls
 f - 2 scrolls of identify
 l - a scroll of fear
 y - 2 scrolls of fog {unknown}
Potions
 c - a potion of magic
 d - 3 potions of agility {unknown}
 g - 6 potions of brilliance {unknown}
 h - 4 potions of mutation {unknown}
 j - a potion of haste {unknown}
 m - a potion of invisibility {unknown}
 n - a potion of flight {unknown}
 t - a potion of curing {unknown}
Books
 a - a Young Poisoner's Handbook

   Spells                             Type                      Level
   a - Sting                          Conjuration/Poison           1
   b - Poisonous Vapours              Poison/Air                   2
   c - Mephitic Cloud                 Conjuration/Poison/Air       3
   d - Olgreb's Toxic Radiance        Poison                       4
   e - Venom Bolt                     Conjuration/Poison           5
Comestibles
 b - 4 bread rations
 o - a meat ration


   Skills:
 - Level 2.0 Dodging
 - Level 4.0 Stealth
 * Level 1.9 Shields
 - Level 3.0 Spellcasting
 - Level 3.0 Conjurations
 - Level 6.0 Poison Magic


You had 7 spell levels left.
You knew the following spells:

 Your Spells              Type           Power        Failure   Level  Hunger
a - Sting                 Conj/Pois      ###.         2%          1    None
b - Mephitic Cloud        Conj/Pois/Air  ##......     13%         3    ###....


Dungeon Overview and Level Annotations

Branches:
Dungeon (4/15)
 Temple: D:4-7

Altars:
Nemelex Xobeh
Trog
Uskayaw
The Shining One

Annotations:
D:3 Welfe's ghost, amateur KoAr


Innate Abilities, Weirdness & Mutations

You cannot wear most types of armour.
You are very stealthy in the water. (Stealth+)
You are amphibious.
You can wear up to eight rings at the same time.
You can use your tentacles to constrict eight enemies at once.
Your skin changes colour to match your surroundings (Stealth+).
Your rubbery body absorbs attacks. (AC +1, EV +1)


Message History

Press: ? - help, Shift-Dir - straight line, f/p - hound
Aim: a hound (moderately wounded, poisoned)
The sting hits the hound.
The hound appears unharmed.
The hound is moderately wounded.
The hound bites you.
* * * LOW HITPOINT WARNING * * *
The hound bites you.
* * * LOW HITPOINT WARNING * * *
Okay, then.
Casting: Sting
Confirm with . or Enter, or press ? or * to list all spells.
Aiming: Sting
Press: ? - help, Shift-Dir - straight line, f/p - hound
Aim: a hound (severely wounded, poisoned)
The sting hits the hound.
The hound is almost dead.
The hound bites you.
* * * LOW HITPOINT WARNING * * *
The hound bites you.
You die...

....# #...# #.......# ...##
###.# ####...## ..## #.# #...#
.### ###.#### #...####### ...#
#......# #.........# # ...#
#.#.##.####...#####.#.#
...######.#.#..................
.#..)...#.#.................#
...##.......#...@h.....<....#
.#.##.#.#.#.##.####...##.##....
...##.#.#......# #..)......##.
.####.#....(#### #)..##.####
..# #.#..##.# ###)....... .##
#.#..##.# #).....##### ..#
#....#### #.#....# .######..#
...##...... .....###>#
.....####.....


You could see a hound.

Vanquished Creatures
  A black bear (D:4)
  A hound (D:4)
  An iguana (D:1)
  A hound skeleton (D:4)
  3 gnolls (D:3)
  3 adders
  An ooze (D:1)
  An adder skeleton (D:4)
  A worm (D:4)
  6 dart slugs
  6 leopard geckos
  A ball python (D:4)
  8 bats
  3 giant cockroaches
  9 goblins
  12 hobgoblins
  10 jackals
  A quokka (D:3)
  6 frilled lizards
  A jackal skeleton (D:4)
  7 kobolds
  11 rats
94 creatures vanquished.

Notes
Turn   | Place    | Note
-------+----------+-------------------------------------------
     0 | D:1      | Rim the Octopode Venom Mage began the quest for the Orb.
     0 | D:1      | Reached XP level 1. HP: 11/11 MP: 3/3
   348 | D:1      | Reached XP level 2. HP: 17/17 MP: 5/5
   640 | D:1      | Reached skill level 4 in Poison Magic
   798 | D:1      | Reached XP level 3. HP: 21/21 MP: 6/6
  1073 | D:1      | Reached XP level 4. HP: 27/27 MP: 7/7
  1722 | D:2      | Reached skill level 5 in Poison Magic
  1856 | D:2      | Found a bloodstained altar of Trog.
  1856 | D:2      | Found a glowing golden altar of the Shining One.
  2320 | D:3      | Reached XP level 5. HP: 31/31 MP: 8/8
  2452 | D:3      | Noticed a dagger
  2453 | D:3      | Found a hide-covered altar of Uskayaw.
  2453 | D:3      | Noticed a hand axe
  2751 | D:3      | Noticed Welfe's ghost (amateur KoAr)
  3277 | D:4      | Learned a level 3 spell: Mephitic Cloud
  3434 | D:4      | Reached XP level 6. HP: 36/36 MP: 10/10
  3470 | D:4      | Noticed a black bear
  3528 | D:4      | Killed a black bear
  3528 | D:4      | Reached skill level 1 in Shields
  3528 | D:4      | Reached skill level 6 in Poison Magic
  3590 | D:4      | Found a sparkling altar of Nemelex Xobeh.
  3694 | D:4      | HP: 1/36 [hound (1)]
  3694 | D:4      | Slain by a hound

Skill      XL: |  1  2  3  4  5  6 |
---------------+-------------------+-----
Poison Magic   | 4 5 6 |  6.0
Stealth        | 3 4 |  4.0
Conjurations   | 2 3 |  3.0
Spellcasting   | 3 |  3.0
Shields        | 1 |  1.9
Dodging        | |  2.0

Action                   |  1- 3 |  4- 6 || total
-------------------------+-------+-------++-------
Melee: Club              |     9 |     5 ||    14
       Constrict         |     3 |     3 ||     6
       Tentacles         |     1 |     3 ||     4
       Dagger            |       |    12 ||    12
       Flail             |       |     1 ||     1
 Cast: Sting             |    72 |   148 ||   220
  Use: Scroll            |       |     4 ||     4
 Stab: Sleeping          |     1 |       ||     1
  Eat: Chunk             |     1 |    20 ||    21
Armor: Skin              |       |     5 ||     5
Dodge: Dodged            |    21 |    32 ||    53
